cohdb
Replays
Latest Replays
All Replays
Popular Replays
Top Player Replays
Match Explorer
How It Works
Community
CoH3 Stats
Reddit
Sign in to upload your games and track your stats! →
Sign in with Steam
Match 42219236
Unlisted
Match 42219236
Overview
Messages
Build Orders
End
Construct Section Command Post
Selects Canadian Shock Battlegroup
Infantry Section
Infantry Section
Infantry Section
Construct Field Infirmary
Grenade Package
Selects Offensive Resupply
Selects Canadian Shock Section
ML 3-inch Mortar Team
Construct Platoon Command Post
Unlock M3 Stuart Light Tanks
Selects Smoke Operation
M3 Stuart Light Tank
Canadian Shock Section
Infantry Section
Selects Incendiary Munitions
Construct Company Command Post
ML 3-inch Mortar Team
Unlock M3 Grant Medium Tanks
Selects Pyrotechnics
M3 Grant Medium Tank
Crusader II Medium Tank
Selects Churchill Crocodile Heavy Tank
Infantry Section
TheLikelyGreek
سَۨفُـيٰانۨوٰس
0
0
Comments
sign in to comment!
No comments posted yet!